[ AOE2 MATCH · #504803193 ]
UnrankedArmenians vs Aztecs
Player's team · WIN
Rival team · LOSS
[ REPLAY ANALYSIS · EXTRACTED FROM THE RECORDED GAME ]
Feudal
9:34
Castle
22:19
Imperial
46:46
| APM avg | 90.3 |
| APM peak | 173 |
| eAPM avg | 57.8 |
| Villagers / military | 263 / 119 |
Focus
⚔️ 68.1% · 🌾 31.9%
Militia ×48 · Scout Cavalry ×25 · Composite Bowman ×23 · Fishing Ship ×19 · Petard ×7 · Skirmisher ×6
Feudal
12:08
Castle
26:04
Imperial
—
| APM avg | 35.4 |
| APM peak | 63 |
| eAPM avg | 21.8 |
| Villagers / military | 209 / 122 |
Focus
⚔️ 31.8% · 🌾 68.2%
Eagle Scout ×42 · Monk ×33 · Archer ×16 · Jaguar Warrior ×15 · Battering Ram ×12 · Fishing Ship ×5
Match map
Initial resources + every placement click. Lines = walls · curves = elevation contours. ◆ gold · ⬟ stone · ● berries · ✦ relic · ◌ wall gap
Your base· Open — unwalled flank
Tongo's base· Open — unwalled flank
Smoothed initial terrain · ◌ = detected wall gap · hover for details
Inputs per minute
— Agusjj - - Tongo
Build order — Agusjj
First 150 of 623 actions detected
| 0:01 | Queue | Villager (Male) |
| 0:01 | Queue | Villager (Male) |
| 0:02 | Build | House |
| 0:02 | Build | House |
| 0:07 | Queue | Villager (Male) |
| 0:07 | Queue | Villager (Male) |
| 0:07 | Queue | Villager (Male) |
| 1:22 | Queue | Villager (Male) |
| 1:22 | Queue | Villager (Male) |
| 1:50 | Queue | Villager (Male) |
| 1:51 | Queue | Villager (Male) |
| 2:01 | Build | Mule Cart |
| 2:30 | Queue | Villager (Male) |
| 2:42 | Queue | Villager (Male) |
| 2:43 | Queue | Villager (Male) |
| 3:07 | Queue | Villager (Male) |
| 3:07 | Queue | Villager (Male) |
| 3:32 | Queue | Villager (Male) |
| 3:33 | Queue | Villager (Male) |
| 3:38 | Build | House |
| 4:01 | Queue | Villager (Male) |
| 4:12 | Build | Dock |
| 4:26 | Queue | Villager (Male) |
| 4:26 | Queue | Villager (Male) |
| 4:49 | Queue | Villager (Male) |
| 4:51 | Queue | Fishing Ship |
| 4:51 | Queue | Fishing Ship |
| 5:12 | Queue | Villager (Male) |
| 5:12 | Queue | Villager (Male) |
| 5:12 | Queue | Villager (Male) |
| 5:16 | Build | House |
| 5:30 | Queue | Fishing Ship |
| 5:30 | Queue | Fishing Ship |
| 5:58 | Queue | Villager (Male) |
| 6:22 | Research | Loom |
| 6:27 | Queue | Fishing Ship |
| 7:24 | Research | Feudal Age |
| 7:24 | Research | Feudal Age |
| 7:57 | Build | Mule Cart |
| 8:05 | Build | Mule Cart |
| 8:27 | Queue | Villager (Male) |
| 8:37 | Build | Dock |
| 8:49 | Build | House |
| 8:50 | Build | House |
| 9:34 | Age | Feudal Age |
| 9:34 | Queue | Unit 2626 |
| 9:34 | Queue | Unit 2626 |
| 9:43 | Research | Double-Bit Axe |
| 9:43 | Research | Double-Bit Axe |
| 9:45 | Queue | Villager (Male) |
| 9:53 | Queue | Villager (Male) |
| 10:00 | Queue | Unit 2626 |
| 10:07 | Queue | Villager (Male) |
| 10:34 | Queue | Unit 2626 |
| 10:53 | Build | Palisade Wall |
| 10:59 | Queue | Villager (Male) |
| 11:02 | Build | Barracks |
| 11:11 | Queue | Unit 2626 |
| 11:18 | Queue | Unit 2626 |
| 11:28 | Queue | Fire Galley |
| 11:29 | Queue | Fire Galley |
| 11:33 | Queue | Villager (Male) |
| 11:46 | Queue | Villager (Male) |
| 11:48 | Build | House |
| 12:08 | Build | Palisade Wall |
| 12:12 | Build | Palisade Wall |
| 12:15 | Queue | Villager (Male) |
| 12:21 | Queue | Fire Galley |
| 12:29 | Queue | Villager (Male) |
| 12:45 | Build | Palisade Wall |
| 12:48 | Queue | Villager (Male) |
| 12:52 | Build | Mill |
| 13:02 | Queue | Villager (Male) |
| 13:09 | Queue | Fishing Ship |
| 13:09 | Queue | Fishing Ship |
| 13:12 | Build | House |
| 13:13 | Build | House |
| 13:16 | Research | Town Watch |
| 13:16 | Queue | Villager (Male) |
| 13:57 | Queue | Villager (Male) |
| 14:16 | Build | Archery Range |
| 14:24 | Queue | Fishing Ship |
| 14:24 | Queue | Fishing Ship |
| 14:33 | Queue | Fishing Ship |
| 14:33 | Queue | Fishing Ship |
| 14:38 | Build | Stone Wall |
| 14:45 | Queue | Villager (Male) |
| 14:50 | Build | Farm |
| 14:51 | Build | Farm |
| 15:06 | Queue | Villager (Male) |
| 15:17 | Queue | Villager (Male) |
| 15:20 | Build | Farm |
| 15:21 | Build | Farm |
| 15:34 | Build | Farm |
| 15:37 | Queue | Fishing Ship |
| 15:38 | Queue | Fishing Ship |
| 15:51 | Queue | Villager (Male) |
| 15:53 | Build | House |
| 15:55 | Build | House |
| 16:01 | Build | Watch Tower |
| 16:06 | Queue | Skirmisher |
| 16:11 | Queue | Villager (Male) |
| 16:12 | Build | House |
| 16:13 | Build | House |
| 16:21 | Queue | Skirmisher |
| 16:26 | Build | Market |
| 16:34 | Build | Blacksmith |
| 16:35 | Queue | Villager (Male) |
| 16:51 | Queue | Villager (Male) |
| 16:57 | Queue | Skirmisher |
| 17:03 | Research | Fletching |
| 17:03 | Research | Fletching |
| 17:06 | Research | Tech 906 |
| 17:06 | Research | Tech 906 |
| 17:21 | Queue | Villager (Male) |
| 17:32 | Build | Farm |
| 17:34 | Queue | Villager (Male) |
| 17:43 | Build | Farm |
| 17:44 | Build | Farm |
| 17:44 | Build | Farm |
| 17:45 | Queue | Villager (Male) |
| 18:19 | Queue | Villager (Male) |
| 18:20 | Build | Farm |
| 18:30 | Queue | Fishing Ship |
| 18:30 | Queue | Fishing Ship |
| 18:33 | Build | House |
| 18:34 | Queue | Villager (Male) |
| 18:43 | Queue | Villager (Male) |
| 18:57 | Queue | Skirmisher |
| 19:06 | Queue | Villager (Male) |
| 19:19 | Research | Castle Age |
| 19:32 | Build | Palisade Wall |
| 19:33 | Queue | Villager (Male) |
| 19:39 | Queue | Skirmisher |
| 19:47 | Build | Palisade Wall |
| 20:14 | Queue | Skirmisher |
| 20:17 | Research | Man-at-Arms (upgrade) |
| 20:17 | Research | Man-at-Arms (upgrade) |
| 20:18 | Research | Forging |
| 20:18 | Research | Forging |
| 20:57 | Queue | Villager (Male) |
| 21:09 | Build | Watch Tower |
| 21:28 | Build | House |
| 21:30 | Build | Palisade Wall |
| 22:06 | Queue | Villager (Male) |
| 22:19 | Age | Castle Age |
| 22:24 | Build | Mule Cart |
| 22:25 | Queue | Villager (Male) |
| 22:38 | Build | House |
| 22:45 | Queue | Villager (Male) |
Build order — Tongo
First 150 of 516 actions detected
| 0:01 | Queue | Villager (Male) |
| 0:03 | Build | House |
| 0:05 | Build | House |
| 0:22 | Queue | Villager (Male) |
| 0:22 | Queue | Villager (Male) |
| 0:35 | Queue | Villager (Male) |
| 1:26 | Queue | Villager (Male) |
| 2:00 | Build | Lumber Camp |
| 2:01 | Queue | Villager (Male) |
| 2:22 | Queue | Villager (Male) |
| 2:22 | Queue | Villager (Male) |
| 2:38 | Queue | Villager (Male) |
| 2:38 | Queue | Villager (Male) |
| 3:14 | Queue | Villager (Male) |
| 3:27 | Queue | Villager (Male) |
| 3:27 | Queue | Villager (Male) |
| 3:34 | Build | House |
| 3:54 | Queue | Villager (Male) |
| 3:54 | Queue | Villager (Male) |
| 4:18 | Build | Palisade Wall |
| 4:20 | Build | Palisade Wall |
| 4:22 | Build | Palisade Wall |
| 4:27 | Build | Palisade Wall |
| 4:33 | Build | Palisade Wall |
| 4:39 | Build | Palisade Wall |
| 4:41 | Build | Palisade Wall |
| 4:44 | Build | Palisade Wall |
| 4:52 | Research | Loom |
| 5:04 | Build | Dock |
| 5:21 | Queue | Villager (Male) |
| 5:21 | Queue | Villager (Male) |
| 5:21 | Queue | Villager (Male) |
| 5:41 | Queue | Fishing Ship |
| 5:45 | Build | Palisade Wall |
| 5:47 | Build | Palisade Wall |
| 5:58 | Queue | Villager (Male) |
| 5:58 | Queue | Villager (Male) |
| 6:21 | Queue | Villager (Male) |
| 6:24 | Queue | Fishing Ship |
| 6:35 | Build | House |
| 6:43 | Queue | Villager (Male) |
| 6:44 | Queue | Villager (Male) |
| 6:55 | Build | House |
| 7:00 | Queue | Villager (Male) |
| 7:00 | Queue | Villager (Male) |
| 7:07 | Queue | Fishing Ship |
| 7:12 | Queue | Fishing Ship |
| 7:26 | Queue | Villager (Male) |
| 7:26 | Queue | Villager (Male) |
| 7:57 | Queue | Fishing Ship |
| 8:00 | Queue | Villager (Male) |
| 8:15 | Queue | Villager (Male) |
| 8:24 | Build | House |
| 8:39 | Queue | Villager (Male) |
| 8:45 | Queue | Villager (Male) |
| 8:53 | Build | Mill |
| 9:29 | Build | Barracks |
| 9:58 | Research | Feudal Age |
| 9:59 | Research | Feudal Age |
| 10:05 | Build | Mill |
| 10:33 | Queue | Villager (Male) |
| 10:55 | Build | Lumber Camp |
| 11:16 | Queue | Villager (Male) |
| 11:24 | Build | Mining Camp |
| 11:43 | Queue | Villager (Male) |
| 12:08 | Age | Feudal Age |
| 12:14 | Build | Archery Range |
| 12:16 | Queue | Spearman |
| 12:23 | Queue | Villager (Male) |
| 12:28 | Research | Double-Bit Axe |
| 12:28 | Research | Double-Bit Axe |
| 12:38 | Queue | Villager (Male) |
| 12:40 | Research | Gold Mining |
| 12:40 | Research | Gold Mining |
| 13:07 | Queue | Villager (Male) |
| 13:11 | Queue | Archer |
| 13:39 | Build | Blacksmith |
| 13:41 | Queue | Archer |
| 13:43 | Queue | Spearman |
| 13:47 | Queue | Villager (Male) |
| 13:49 | Build | House |
| 13:58 | Research | Town Watch |
| 14:10 | Queue | Archer |
| 14:25 | Research | Fletching |
| 14:28 | Queue | Archer |
| 14:33 | Build | House |
| 14:33 | Queue | Villager (Male) |
| 15:04 | Queue | Archer |
| 15:09 | Build | Archery Range |
| 15:11 | Queue | Archer |
| 15:14 | Research | Padded Archer Armor |
| 15:14 | Queue | Villager (Male) |
| 15:19 | Research | Horse Collar |
| 15:19 | Research | Horse Collar |
| 15:37 | Queue | Eagle Scout |
| 15:46 | Queue | Archer |
| 15:52 | Queue | Villager (Male) |
| 15:58 | Build | Farm |
| 15:58 | Build | Farm |
| 15:59 | Build | Farm |
| 16:00 | Queue | Villager (Male) |
| 16:04 | Queue | Archer |
| 16:11 | Build | Watch Tower |
| 16:17 | Queue | Archer |
| 16:24 | Queue | Villager (Male) |
| 16:36 | Build | Mining Camp |
| 16:45 | Build | Watch Tower |
| 16:53 | Queue | Archer |
| 16:54 | Queue | Villager (Male) |
| 17:19 | Queue | Villager (Male) |
| 17:21 | Build | Farm |
| 17:22 | Build | Farm |
| 17:26 | Research | Stone Mining |
| 17:43 | Queue | Archer |
| 17:49 | Queue | Eagle Scout |
| 17:55 | Build | House |
| 18:02 | Research | Wheelbarrow |
| 18:04 | Build | Farm |
| 18:12 | Build | Palisade Wall |
| 18:13 | Build | Palisade Wall |
| 18:13 | Build | Palisade Wall |
| 18:14 | Build | Palisade Wall |
| 18:31 | Queue | Villager (Male) |
| 18:44 | Queue | Eagle Scout |
| 18:55 | Build | Barracks |
| 18:56 | Queue | Villager (Male) |
| 19:08 | Build | House |
| 19:23 | Queue | Archer |
| 19:25 | Queue | Archer |
| 19:30 | Queue | Eagle Scout |
| 19:33 | Research | Scale Mail Armor |
| 19:53 | Queue | Archer |
| 19:58 | Queue | Villager (Male) |
| 20:01 | Build | Farm |
| 20:02 | Build | Farm |
| 20:02 | Build | Farm |
| 20:05 | Build | Farm |
| 20:12 | Queue | Eagle Scout |
| 20:19 | Build | Watch Tower |
| 20:26 | Research | Forging |
| 20:26 | Queue | Villager (Male) |
| 20:29 | Build | Farm |
| 20:32 | Build | Farm |
| 20:33 | Build | Farm |
| 21:05 | Queue | Eagle Scout |
| 21:11 | Build | Watch Tower |
| 21:19 | Queue | Eagle Scout |
| 21:22 | Queue | Eagle Scout |
| 21:24 | Queue | Archer |
| 21:26 | Queue | Villager (Male) |
Match timeline
| 4:12 | Agusjj · first_building Dock |
| 4:18 | Tongo · wall_segment Palisade Wall x1 |
| 4:20 | Tongo · wall_segment Palisade Wall x1 |
| 4:22 | Tongo · wall_segment Palisade Wall x1 |
| 4:27 | Tongo · wall_segment Palisade Wall x1 |
| 4:33 | Tongo · wall_segment Palisade Wall x1 |
| 4:39 | Tongo · wall_segment Palisade Wall x1 |
| 4:41 | Tongo · wall_segment Palisade Wall x1 |
| 4:44 | Tongo · wall_segment Palisade Wall x1 |
| 5:04 | Tongo · first_building Dock |
| 5:45 | Tongo · wall_segment Palisade Wall x1 |
| 5:47 | Tongo · wall_segment Palisade Wall x1 |
| 9:29 | Tongo · first_building Barracks |
| 9:34 | Agusjj · age_up feudal |
| 10:53 | Agusjj · wall_segment Palisade Wall x1 |
| 11:02 | Agusjj · first_building Barracks |
| 12:08 | Agusjj · wall_segment Palisade Wall x1 |
| 12:08 | Tongo · age_up feudal |
| 12:12 | Agusjj · wall_segment Palisade Wall x8 |
| 12:14 | Tongo · first_building Archery Range |
| 12:45 | Agusjj · wall_segment Palisade Wall x4 |
| 14:16 | Agusjj · first_building Archery Range |
| 14:38 | Agusjj · wall_segment Stone Wall x5 |
| 18:12 | Tongo · wall_segment Palisade Wall x1 |
| 18:13 | Tongo · wall_segment Palisade Wall x1 |
| 18:13 | Tongo · wall_segment Palisade Wall x1 |
| 18:14 | Tongo · wall_segment Palisade Wall x1 |
| 19:00 | Agusjj · first_market_buy 100 food |
| 19:18 | Agusjj · first_market_sell 100 wood |
| 19:32 | Agusjj · wall_segment Palisade Wall x1 |
| 19:47 | Agusjj · wall_segment Palisade Wall x1 |
| 21:30 | Agusjj · wall_segment Palisade Wall x1 |
| 22:19 | Agusjj · age_up castle |
| 25:12 | Tongo · wall_segment Palisade Wall x3 |
| 26:04 | Tongo · age_up castle |
| 26:15 | Tongo · first_building Monastery |
| 31:08 | Tongo · first_building Castle |
| 31:59 | Agusjj · wall_segment Palisade Wall x1 |
| 32:33 | Agusjj · first_building Monastery |
| 34:26 | Agusjj · first_building Castle |
| 35:20 | Tongo · first_building Siege Workshop |
| 36:25 | Tongo · first_market_sell 100 wood |
| 36:28 | Tongo · first_market_buy 100 food |
| 46:46 | Agusjj · age_up imperial |
| 47:20 | Agusjj · first_building Stable |
| 53:49 | Tongo · resign |
[ AI ANALYSIS · 1 CREDIT ]
What really happened in this match?
Wolo.gg analyzes every decision: build order, eco, micro, common mistakes by bracket. Personalized analysis on WhatsApp or Discord in 30 seconds.
Civ guide
Armenians
Perfil
Jugador #1491620